 Dungeon Crawl Stone Soup version 0.30-a0-802-gb92711bcdf (webtiles) character file.

Game seed: 9501909086467969954

175 Darius099 the Chopper (level 5, 0/45 HPs)
             Began as a Minotaur Fighter on Feb 24, 2023.
             Slain by an orc
             ... wielding a +0 dagger
              (4 damage)
             ... on level 3 of the Dungeon.
             The game lasted 00:06:25 (2055 turns).

Darius099 the Chopper (Minotaur Fighter)            Turns: 2055, Time: 00:06:26

Health: 0/45       AC:  9    Str: 23    XL:     5   Next: 29%
Magic:  4/4        EV:  7    Int:  5    God:
Gold:   107        SH:  4    Dex:  9    Spells: 4/4 levels left

rFire   . . .      SeeInvis .    a - +0 war axe
rCold   . . .      Faith    .    c - +0 buckler
rNeg    + . .      Spirit   .    j - +0 chain mail
rPois   +          Reflect  .    (helmet restricted)
rElec   .          Harm     .    (no cloak)
rCorr   .          Rampage  .    (no gloves)
Will    .....                    (no boots) Stlth
                                 (no amulet)
HPRegen 0.27/turn                n - ring of poison resistance
MPRegen 0.09/turn                g - ring of positive energy

@: no status effects
A: horns 2, retaliatory headbutt
a: no special abilities


You were on level 3 of the Dungeon.
You visited 1 branch of the dungeon, and saw 3 of its levels.

You collected 107 gold pieces.

Inventory:

Hand Weapons
 a - a +0 war axe (weapon)
Missiles
 f - 37 stones (quivered)
Armour
 c - a +0 buckler (worn)
 j - a +0 chain mail (worn)
Jewellery
 g - a ring of positive energy (right hand)
 m - a ring of wizardry
 n - a ring of poison resistance (left hand)
 r - a +6 ring of intelligence
Wands
 q - a wand of paralysis (8)
Scrolls
 b - 2 scrolls of teleportation {unknown}
 e - 4 scrolls of identify {unknown}
 h - 3 scrolls of amnesia {unknown}
 s - a scroll of immolation {unknown}
Potions
 d - 2 potions of might
 i - a potion of cancellation {unknown}
 k - a potion of degeneration {unknown}
 l - a potion of resistance {unknown}
 o - 2 potions of curing {unknown}
 p - a potion of flight {unknown}
 t - a potion of attraction {unknown}
 u - a potion of heal wounds {unknown}


   Skills:
 - Level 3.6 Fighting
 + Level 6.7 Axes
 - Level 3.6 Armour
 - Level 3.6 Shields


You had 4 spell levels left.
You didn't know any spells.
Your spell library contained the following spells:

 Spells                   Type           Power      Damage    Failure   Level
 Lesser Beckoning         Tloc           0%         N/A       100%        2
 Gell's Gravitas          Tloc           0%         N/A       100%        3
 Hailstorm                Conj/Ice       0%         3d3       100%        3
 Teleport Other           Tloc           0%         N/A       100%        3
 Vhi's Electric Charge    Tloc/Air       0%         N/A       100%        3
 Fulminant Prism          Conj/Hex       0%         3d5       100%        4
 Arcjolt                  Conj/Air       0%         1d10      100%        5
 Iron Shot                Conj/Erth      0%         9d1       100%        6
 Statue Form              Tmut/Erth      0%         N/A       100%        6
 Maxwell's Capacitive Co  Air            0%         ∞         100%        8


Dungeon Overview and Level Annotations

Branches:
Dungeon (3/15)

Altars:
Dithmenos

Shops:
D:3 ?


Innate Abilities, Weirdness & Mutations

You have a pair of horns on your head.
You reflexively headbutt those who attack you in melee.


Message History

Reactivating autopickup.
You feel a bit more experienced. The orc hits you with a +0 flail.
* * * LOW HITPOINT WARNING * * *
The orc priest looks encouraged for a moment.
The orc attacks as you move away! The orc hits you with a +0 flail.
* * * LOW HITPOINT WARNING * * *
You hit the orc. Your headbutt misses the orc.
The orc is severely wounded.
You barely miss the orc. Your headbutt misses the orc. You slash the orc!
You kill the orc!
The orc hits you with a +0 dagger.
* * * LOW HITPOINT WARNING * * *
You slash the orc!
You kill the orc!
The giant cockroach bites you but does no damage.
You slash the giant cockroach!
You kill the giant cockroach!
You slash the orc!
You kill the orc!
The orc priest hits you with a +0 whip.
* * * LOW HITPOINT WARNING * * *
You hit the orc priest but do no damage.
Your headbutt misses the orc priest.
The orc priest invokes the aid of Beogh against you.
Pain shoots through your body!
* * * LOW HITPOINT WARNING * * *
You closely miss the orc priest. You barely miss the orc priest.
Your headbutt misses the orc priest. You slash the orc!
You kill the orc!
The orc priest barely misses you.
You hit the orc priest.
The orc priest is lightly wounded.
The orc priest hits you but does no damage.
You hit the orc priest but do no damage.
You headbutt the orc priest!
The orc priest is severely wounded.
You hit the orc. You block the orc's attack. The orc priest closely misses you.
The orc hits you with a +0 dagger.
You die...

.........# #.######.....#
.........## ###.##.........#
..........# #...##..........
).##############.####..........
..# #......# #.......... ..#
##..#### #.........# ..# ##..##
##.........# ###
+..#..####.B.........
##.##.@##)oo.........
#....oo).#..........
##########.........(
#.......... #.........
#########


You could see an orc priest and an orc.

Vanquished Creatures
  An orc wizard (D:3)
  Robin (D:3)
  5 adders
  2 worms
  2 dart slugs
  8 orcs (D:3)
  2 endoplasms
  5 giant cockroaches
  14 goblins
  6 hobgoblins
  3 jackals (D:3)
  3 quokkas
  3 ball pythons
  5 bats
  8 kobolds
  3 rats
71 creatures vanquished.

Notes
Turn   | Place    | Note
-------+----------+-------------------------------------------
     0 | D:1      | Darius099 the Minotaur Fighter began the quest for the Orb.
     0 | D:1      | Reached XP level 1. HP: 19/19 MP: 0/0
   275 | D:1      | Reached skill level 3 in Axes
   303 | D:1      | Reached XP level 2. HP: 26/26 MP: 1/1
   734 | D:1      | Found a faded altar of an unknown god.
   916 | D:2      | Reached skill level 4 in Axes
   960 | D:2      | Reached XP level 3. HP: 31/31 MP: 2/2
  1056 | D:2      | Reached skill level 5 in Axes
  1218 | D:2      | Reached XP level 4. HP: 39/39 MP: 3/3
  1609 | D:3      | Got the Omnibus of Arenous Battle Magic
  1672 | D:3      | Found Puden's Magic Scroll Shoppe.
  1778 | D:3      | Found a shadowy altar of Dithmenos.
  1850 | D:3      | Noticed Robin
  1856 | D:3      | Reached skill level 6 in Axes
  1858 | D:3      | Killed Robin
  2036 | D:3      | Reached XP level 5. HP: 40/45 MP: 4/4
  2055 | D:3      | Slain by an orc

Illustrated notes

Levels and vault maps discovered:
D:1:      eino_arrival_cavern_a, layout_basic,
          shapermc_ecumenical_altar_mp_ritualfount,
          amcnicky_mini_corridor_feature
D:2:      cheibrodos_helix_gallery, layout_rooms, minivault_19,
          grunt_ministairs_12
D:3:      layout_basic, led_xom_imps, old_standard_altar,
          worldfamousw_hep_ancestral_shrine, serial_shops,
          nicolae_shop_bloodbath_and_beyond, shop, kennysheep_generic_room_11,
          uniq_robin

Skill      XL: |  1  2  3  4 |
---------------+-------------+-----
Axes           | 3 4 5 6 |  6.7
Fighting       | |  3.6
Armour         | |  3.6
Shields        | |  3.6

Action                     |  1- 3 |  4- 6 || total
---------------------------+-------+-------++-------
  Melee: War axe           |    60 |    92 ||   152
         Headbutt          |     6 |    12 ||    18
 Armour: Scale mail        |    17 |       ||    17
         Chain mail        |    21 |    42 ||    63
  Dodge: Dodged            |    22 |    17 ||    39
  Block: Buckler           |    13 |    18 ||    31

Table legend: (Time is in decaauts)
 A = Elapsed time spent in this place.
 B = Non-inter-level travel time spent in this place.
 C = Inter-level travel time spent in this place.
 D = Time resting spent in this place.
 E = Time spent auto-exploring this place.
 F = Levels seen in this place.
 G = Mean time per level.
                   A        B        C        D        E       F      G
               +--------+--------+--------+--------+--------+-----+--------+
         Total |   2098 |   1910 |    188 |      0 |   1516 |   3 |  699.3 |
       Dungeon |   2098 |   1910 |    188 |      0 |   1516 |   3 |  699.3 |
               +--------+--------+--------+--------+--------+-----+--------+

Top non-repeatable levels by time:
     D:1: 904 daAuts
     D:2: 648 daAuts
     D:3: 546 daAuts
